 Dungeon Sprint DCSS version 0.29-a0-468-ge57f7f99b4 (webtiles) character file.

Game seed: 18322986087776723022

1215 mhtbhm the Spear-Bearer (level 8, -6/86 HPs)
             Began as a Minotaur Berserker on May 21, 2022.
             Was a High Priest of Trog.
             Mangled by Snorg (17 damage)
             ... in the Dungeon (Sprint III: "The Ten Rune Challenge").
             The game lasted 00:01:46 (942 turns).

mhtbhm the Spear-Bearer (Minotaur Berserker)         Turns: 942, Time: 00:01:47

Health: -6/86      AC:  2    Str: 24    XL:     8   Next: 22%
Magic:  7/7        EV: 14    Int:  4    God:    Trog [*****.]
Gold:   36         SH:  0    Dex: 10    Spells: 7/7 levels left

rFire   . . .      SeeInvis .   a - +0 spear
rCold   . . .      Faith    .   (no shield)
rNeg    . . .      Spirit   .   b - +0 animal skin
rPois   .          Reflect  .   (helmet restricted)
rElec   .          Harm     .   (no cloak)
rCorr   .          Rampage  .   (no gloves)
Will    .....      NoTele   +   (no boots)
Stlth   ++........              (no amulet)
HPRegen 0.24/turn               (no ring)
MPRegen 0.10/turn               (no ring)

@: on berserk cooldown, hasted and slowed
A: horns 2, retaliatory headbutt
a: Renounce Religion, Berserk, Trog's Hand, Brothers in Arms


You were in the Dungeon.
You worshipped Trog.
Trog was extremely pleased with you.
You visited 1 branch You collected 36 gold pieces.

Inventory:

Hand Weapons
 a - a +0 spear (weapon)
Armour
 b - a +0 animal skin (worn)
Scrolls
 i - 2 scrolls of poison {unknown}
 j - a scroll of enchant weapon {unknown}
 k - 2 scrolls of identify
Potions
 c - a potion of curing
 f - 3 potions of magic
 g - a potion of berserk rage
 l - a potion of flight {unknown}
 m - 6 potions of mutation
Miscellaneous
 n - a lightning rod (3/4)


   Skills:
 + Level 13.3 Fighting
 + Level 14.3 Polearms
 + Level 6.6 Armour
 + Level 7.0 Dodging
 + Level 3.1 Stealth


You had 7 spell levels left.
You didn't know any spells.
Your spell library was empty.

Dungeon Overview and Level Annotations

Branches:
Dungeon (1/1)

Altars:
Cheibriados
Dithmenos
Elyvilon
Fedhas
Gozag
Hepliaklqana
Kikubaaqudgha
Makhleb
Nemelex Xobeh
Okawaru
Qazlal
Ru
Sif Muna
Trog
Uskayaw
Vehumet
Wu Jian
Xom
Yredelemnul
Zin
The Shining One
Beogh
Jiyva
Lugonu

Annotations:
D Snorg


Innate Abilities, Weirdness & Mutations

You have a pair of horns on your head.
You reflexively headbutt those who attack you in melee.


Message History

Aiming: Thunderbolt
Press: ? - help, Shift-Dir - straight line, f - Snorg
Aim: Snorg (moderately wounded, berserk, ally target)
The thunderbolt hits Snorg!
Snorg is moderately wounded.
Unknown command.
Unknown command.
Unknown command.
Reach: a) +0 spear
Press: ? - help, Dir - move target, f/p - Snorg
Aim: Snorg (moderately wounded, berserk, ally target, about 29% to evade your +0 spear)
You reach to attack!
You hit Snorg.
Snorg is moderately wounded.
Snorg closely misses your ogre. Snorg completely misses your ogre.
Snorg barely misses your ogre.
Your ogre barely misses Snorg.
Unknown command.
Unknown command.
Reach: a) +0 spear
Press: ? - help, Dir - move target, f/p - Snorg
Aim: Snorg (moderately wounded, berserk, ally target, about 29% to evade your +0 spear)
You could not reach far enough!
Snorg bites your ogre!! Snorg barely misses your ogre. Snorg claws your ogre!
Snorg bites your ogre!!
Your ogre dies!
Your ogre's corpse disappears in a puff of smoke!
Unknown command.
Okay, then.
You feel much better. Snorg bites you but does no damage.
Snorg completely misses you. Snorg misses you.
Unknown command.
You feel much better. Snorg closely misses you. Snorg claws you!
Snorg claws you. Snorg bites you!!
* * * LOW HITPOINT WARNING * * *
Snorg closely misses you. Snorg barely misses you.
Unknown command.
You feel yourself speed up. Snorg bites you!
* * * LOW HITPOINT WARNING * * *
Snorg claws you.
* * * LOW HITPOINT WARNING * * *
Snorg claws you!
You die...

▓▓▓ # ##.############
#####..#___#___#__#
.#..#..#...#__)#@_#
.#..#..###'#÷###T##
.##'#..#..........#
.###...'.⌠.)......#
####...#...######'#
###....#.⌠.#__#...#+#####
##.....#...#__#...#..≈≈≈+
#†.....#)###__#...#.#§§§#
.#.....#.):#__#...'.#.§§#


You could see Snorg (berserk).

Vanquished Creatures
  A deep elf pyromancer (D)
  A shadow (D)
  A spatial vortex (D)
  A necrophage (D)
  A water elemental (D)
  A jelly (D)
  A wizard (D)
  Jessica (D)
  A necromancer (D)
  A kobold demonologist (D)
  3 humans (D)
  A phantom (D)
  An endoplasm (D)
  2 rats (D)
17 creatures vanquished.

Notes
Turn   | Place    | Note
-------+----------+-------------------------------------------
     0 | D        | mhtbhm the Minotaur Berserker began the quest for the Orb.
     0 | D        | Reached XP level 1. HP: 19/19 MP: 0/0
    10 | D        | Reached skill level 4 in Polearms
    25 | D        | Reached ** piety under Trog
    98 | D        | Noticed Jessica
   101 | D        | Killed Jessica
   102 | D        | Reached skill level 5 in Fighting
   102 | D        | Reached skill level 5 in Polearms
   102 | D        | Reached XP level 2. HP: 30/30 MP: 1/1
   102 | D        | Reached XP level 3. HP: 37/37 MP: 2/2
   159 | D        | Reached skill level 6 in Polearms
   207 | D        | Noticed a water elemental
   211 | D        | Killed a water elemental
   211 | D        | Reached *** piety under Trog
   212 | D        | Reached skill level 7 in Polearms
   212 | D        | Reached skill level 1 in Stealth
   212 | D        | Reached XP level 4. HP: 47/47 MP: 3/3
   272 | D        | Found a basalt altar of Yredelemnul.
   272 | D        | Found a shadowy altar of Dithmenos.
   272 | D        | Found a sacrificial altar of Ru.
   272 | D        | Noticed a necrophage
   282 | D        | Killed a necrophage
   283 | D        | Reached skill level 9 in Polearms
   283 | D        | Reached XP level 5. HP: 22/56 MP: 4/4
   536 | D        | Found a hide-covered altar of Uskayaw.
   536 | D        | Found an iron altar of Okawaru.
   536 | D        | Found a bloodstained altar of Trog.
   536 | D        | Found an ornate altar of the Wu Jian Council.
   536 | D        | Noticed a human
   536 | D        | Noticed a human
   537 | D        | Found a glowing silver altar of Zin.
   537 | D        | Found a glowing golden altar of the Shining One.
   537 | D        | Found a white marble altar of Elyvilon.
   537 | D        | Noticed a deep elf pyromancer
   542 | D        | Killed a deep elf pyromancer
   542 | D        | Reached **** piety under Trog
   543 | D        | Reached skill level 12 in Polearms
   543 | D        | Reached skill level 5 in Armour
   543 | D        | Reached skill level 5 in Dodging
   543 | D        | Reached XP level 6. HP: 69/69 MP: 5/5
   543 | D        | Reached XP level 7. HP: 75/75 MP: 6/6
   557 | D        | Killed a human
   558 | D        | Reached skill level 13 in Polearms
   562 | D        | Killed a human
   714 | D        | Found a radiant altar of Vehumet.
   714 | D        | Found a shimmering blue altar of Sif Muna.
   714 | D        | Found an ancient bone altar of Kikubaaqudgha.
   727 | D        | Reached ***** piety under Trog
   793 | D        | Noticed a shadow
   800 | D        | Killed a shadow
   801 | D        | Reached skill level 14 in Polearms
   801 | D        | Reached XP level 8. HP: 65/86 MP: 7/7
   888 | D        | Found a blossoming altar of Fedhas.
   888 | D        | Found a stormy altar of Qazlal.
   888 | D        | Found a snail-covered altar of Cheibriados.
   888 | D        | Found a burning altar of Makhleb.
   888 | D        | Found a shimmering altar of Xom.
   889 | D        | Found a hazy altar of Hepliaklqana.
   889 | D        | Found an opulent altar of Gozag.
   889 | D        | Found a sparkling altar of Nemelex Xobeh.
   889 | D        | Found a corrupted altar of Lugonu.
   889 | D        | Found a viscous altar of Jiyva.
   921 | D        | Noticed Snorg
   942 | D        | Mangled by Snorg

Illustrated notes

Levels and vault maps discovered:
D:        dungeon_sprint_mu [sprint_mu_entry_cave, sprint_mu_temple_rooms,
          sprint_mu_d1_horrors, sprint_mu_d2_genie, sprint_mu_d3_branching,
          sprint_mu_orc_legion, sprint_mu_elf_gauntlet, sprint_mu_hive_nellie,
          sprint_mu_lair_fedhas, sprint_mu_vaults_butterflies,
          sprint_mu_slime_circle, sprint_mu_swamp_cave, sprint_mu_shoals_archi,
          sprint_mu_blade_basic, sprint_mu_crypt_lich, sprint_mu_tomb_spiral,
          sprint_mu_vestibule_basic, sprint_mu_gehenna_hellfire,
          sprint_mu_dis_giant, sprint_mu_tartarus_statrot,
          sprint_mu_cocytus_islands, sprint_mu_zot1]

Skill      XL: |  1  2  3  4  5  6  7  8 |
---------------+-------------------------+-----
Fighting       | 5 7 8 11 13 | 13.3
Polearms       | 5 7 9 12 14 | 14.3
Armour         | 3 4 5 6 |  6.6
Dodging        | 3 4 5 6 7 |  7.0
Stealth        | 1 2 3 |  3.1

Action                   |  1- 3 |  4- 6 |  7- 9 || total
-------------------------+-------+-------+-------++-------
Melee: Spear             |    13 |    14 |    60 ||    87
       Headbutt          |     3 |     4 |     9 ||    16
       Punch             |       |     1 |     1 ||     2
Invok: Berserk           |     3 |     2 |     1 ||     6
       Brothers in Arms  |       |       |     1 ||     1
Evoke: Lightning rod     |       |       |     1 ||     1
  Use: Potion            |       |       |     3 ||     3
       Scroll            |       |       |     1 ||     1
 Stab: Sleeping          |     1 |       |     2 ||     3
Armor: Animal skin       |       |     1 |     2 ||     3
Dodge: Dodged            |     3 |     5 |    22 ||    30

Table legend: (Time is in decaauts)
 A = Elapsed time spent in this place.
 B = Non-inter-level travel time spent in this place.
 C = Inter-level travel time spent in this place.
 D = Time resting spent in this place.
 E = Time spent auto-exploring this place.
 F = Levels seen in this place.
 G = Mean time per level.
                   A        B        C        D        E       F      G
               +--------+--------+--------+--------+--------+-----+--------+
         Total |    955 |    955 |      0 |    718 |     19 |   1 |  955.0 |
       Dungeon |    955 |    955 |      0 |    718 |     19 |   1 |  955.0 |
               +--------+--------+--------+--------+--------+-----+--------+

Top non-repeatable levels by time:
       D: 955 daAuts
